DSL
DSL CLEVELAND GUARDIANS @ DSL PHILADELPHIA PHILLIES
07/04/2041
 
TOP OF THE 1ST
DSL Cleveland Guardians batting - Pitching for DSL Philadelphia Phillies : LHP Dimian Catorrinho
Pitching: LHP Dimian Catorrinho
Batting: RHB Tim Jones 0-0: Ball
1-0: Foul Ball, location: 2F
1-1: Foul Ball, location: 2F
1-2: Ball
2-2: SINGLE (Groundball, 6, EV 101.3 MPH) (infield hit)
Batting: RHB Sergio González 0-0: Called Strike
0-1: Called Strike
0-2: Foul Ball, location: 2F
0-2: Strikes out swinging
Batting: RHB Esteban Romo 0-0: Called Strike
Tim Jones is caught stealing 2nd base 2-4
0-1: Foul Ball, location: 5F
0-2: Ball
1-2: Strikes out swinging
Top of the 1st over - 0 runs, 1 hit, 0 errors, 0 left on base; DSL Cleveland 0 - DSL Philadelphia 0
BOTTOM OF THE 1ST
DSL Philadelphia Phillies batting - Pitching for DSL Cleveland Guardians : LHP Raúl Hernández
Pitching: LHP Raúl Hernández
Batting: LHB Tony Sánchez 0-0: Ball
1-0: Foul Ball, location: 7LMF
1-1: Called Strike
1-2: Foul Ball, location: 7LMF
1-2: Foul Ball, location: 2F
1-2: Ball
2-2: Foul Ball, location: 2LF
2-2: Foul Ball, location: 7LMF
2-2: Ball
3-2: Foul Ball, location: 2F
3-2: Strikes out swinging, 2-3 out at first.
Batting: RHB Alfredo Román 0-0: Fly out, F7 (Flyball, 7D, EV 110.0 MPH)
Batting: RHB Ken Taváres 0-0: Foul Ball, location: 5F
0-1: Ball
1-1: Foul Ball, location: 3SF
1-2: Strikes out swinging
Bottom of the 1st over - 0 runs, 0 hits, 0 errors, 0 left on base; DSL Cleveland 0 - DSL Philadelphia 0
TOP OF THE 2ND
DSL Cleveland Guardians batting - Pitching for DSL Philadelphia Phillies : LHP Dimian Catorrinho
Batting: RHB Norbert Rondinelli 0-0: Ball
1-0: Ball
2-0: Foul Ball, location: 9LMF
2-1: Ball
3-1: Base on Balls
Batting: RHB Manny García 0-0: Called Strike
0-1: Swinging Strike
0-2: Ball
1-2: Strikes out looking
Batting: RHB Luis Castillo 0-0: Called Strike
0-1: Called Strike
0-2: Ball
1-2: Strikes out swinging
Batting: SHB Juan Bruno 0-0: Ball
1-0: Ball
2-0: Ball
3-0: Called Strike
3-1: Base on Balls
Norbert Rondinelli to second
Batting: RHB Juan Moreno 0-0: Called Strike
0-1: Swinging Strike
0-2: Strikes out swinging
Top of the 2nd over - 0 runs, 0 hits, 0 errors, 2 left on base; DSL Cleveland 0 - DSL Philadelphia 0
BOTTOM OF THE 2ND
DSL Philadelphia Phillies batting - Pitching for DSL Cleveland Guardians : LHP Raúl Hernández
Batting: RHB Juan Alba 0-0: Ball
1-0: Ball
2-0: Called Strike
2-1: Ball
3-1: Swinging Strike
3-2: Strikes out looking
Batting: LHB Goffredo Bollati 0-0: Called Strike
0-1: Foul Ball, location: 7LDF
0-2: Strikes out swinging
Batting: RHB Sergio Calderón 0-0: Called Strike
0-1: Ball
1-1: Swinging Strike
1-2: Strikes out swinging
Bottom of the 2nd over - 0 runs, 0 hits, 0 errors, 0 left on base; DSL Cleveland 0 - DSL Philadelphia 0
TOP OF THE 3RD
DSL Cleveland Guardians batting - Pitching for DSL Philadelphia Phillies : LHP Dimian Catorrinho
Batting: RHB Dani Cruz 0-0: Ball
1-0: Foul Ball, location: 2F
1-1: Called Strike
1-2: Strikes out swinging
Batting: RHB Tim Jones 0-0: Ball
1-0: Foul Ball, location: 2F
1-1: Ball
2-1: Foul Ball, location: 2F
2-2: Strikes out swinging
Batting: RHB Sergio González 0-0: Called Strike
0-1: SINGLE (Line Drive, 9S, EV 103.1 MPH)
Batting: RHB Esteban Romo 0-0: Called Strike
0-1: Swinging Strike
0-2: Strikes out swinging
Top of the 3rd over - 0 runs, 1 hit, 0 errors, 1 left on base; DSL Cleveland 0 - DSL Philadelphia 0
BOTTOM OF THE 3RD
DSL Philadelphia Phillies batting - Pitching for DSL Cleveland Guardians : LHP Raúl Hernández
Batting: RHB Kevin Tidwell 0-0: Ball
1-0: Called Strike
1-1: Called Strike
1-2: Strikes out swinging
Batting: LHB Jeff King 0-0: Ball
1-0: Swinging Strike
1-1: Ball
2-1: Foul Ball, location: 7LDF
2-2: Foul Ball, location: 3F
2-2: Strikes out swinging
Batting: RHB Duane Dotson 0-0: Ball
1-0: Ball
2-0: SINGLE (Groundball, 56, EV 96.3 MPH) (infield hit)
Batting: LHB Tony Sánchez 0-0: Ball
1-0: SINGLE (Line Drive, 6D, EV 103.1 MPH)
Duane Dotson to second
Runner from 2nd tries for 3rd, SAFE, throw by CF made to third
Batting: RHB Alfredo Román 0-0: Ball
1-0: Ball
2-0: Called Strike
2-1: Ball
3-1: Called Strike
3-2: Fly out, F7 (Flyball, 7, EV 98.1 MPH)
Bottom of the 3rd over - 0 runs, 2 hits, 0 errors, 2 left on base; DSL Cleveland 0 - DSL Philadelphia 0
TOP OF THE 4TH
DSL Cleveland Guardians batting - Pitching for DSL Philadelphia Phillies : LHP Dimian Catorrinho
Batting: RHB Norbert Rondinelli 0-0: Called Strike
0-1: Ball
1-1: Ball
2-1: Foul Ball, location: 2RF
2-2: Ball
3-2: Base on Balls
Batting: RHB Manny García 0-0: Called Strike
0-1: Foul Ball, location: 9LSF
0-2: Foul Ball, location: 2F
0-2: Foul Ball, location: 3F
0-2: Ball
1-2: Foul Ball, location: 9LMF
1-2: Strikes out swinging
Batting: RHB Luis Castillo 0-0: Ball
1-0: Ball
2-0: Ball
3-0: Called Strike
3-1: Base on Balls
Norbert Rondinelli to second
Batting: SHB Juan Bruno 0-0: Ball
1-0: Called Strike
Norbert Rondinelli steals 3rd base
1-1: Called Strike
1-2: Ball
2-2: Ball
3-2: Base on Balls
Luis Castillo to second
Batting: RHB Juan Moreno 0-0: Called Strike
0-1: SINGLE (Line Drive, 9LM, EV 103.1 MPH)
Norbert Rondinelli scores
Luis Castillo to third
Juan Bruno to second
Runner from 3rd tries for Home, SAFE, throw by RF to home
Batting: RHB Dani Cruz 0-0: Ball
1-0: Swinging Strike
1-1: Foul Ball, location: 2F
1-2: Strikes out swinging
Pitching: RHP José Alomar
Batting: RHB Tim Jones 0-0: Called Strike
0-1: Swinging Strike
0-2: Foul Ball, location: 2F
0-2: Ball
1-2: Strikes out swinging
Top of the 4th over - 2 runs, 1 hit, 0 errors, 2 left on base; DSL Cleveland 2 - DSL Philadelphia 0
BOTTOM OF THE 4TH
DSL Philadelphia Phillies batting - Pitching for DSL Cleveland Guardians : LHP Raúl Hernández
Batting: RHB Ken Taváres 0-0: Called Strike
0-1: Foul Ball, location: 7LMF
0-2: Ground out 6-3 (Groundball, 56, EV 81.3 MPH)
Batting: RHB Juan Alba 0-0: Ball
1-0: Foul Ball, location: 5F
1-1: Foul Ball, location: 2F
1-2: Strikes out looking
Batting: LHB Goffredo Bollati 0-0: Called Strike
0-1: Ground out U3 (Groundball, 3, EV 100.6 MPH)
Bottom of the 4th over - 0 runs, 0 hits, 0 errors, 0 left on base; DSL Cleveland 2 - DSL Philadelphia 0
TOP OF THE 5TH
DSL Cleveland Guardians batting - Pitching for DSL Philadelphia Phillies : RHP José Alomar
Batting: RHB Sergio González 0-0: Called Strike
0-1: Ball
1-1: Foul Ball, location: 9LDF
1-2: SOLO HOME RUN (Flyball, 7LD, EV 95.6 MPH), Distance : 340 ft
Batting: RHB Esteban Romo 0-0: Ball
1-0: SINGLE (Line Drive, 8LS, EV 110.6 MPH)
Batting: RHB Norbert Rondinelli 0-0: TRIPLE (Line Drive, 8RXD, EV 110.0 MPH)
Esteban Romo scores
Batting: RHB Manny García 0-0: Ball
1-0: Called Strike
1-1: SINGLE (Line Drive, 78S, EV 88.1 MPH)
Norbert Rondinelli scores
Pitching: RHP Robinson Cabrera
Batting: RHB Luis Castillo 0-0: Called Strike
0-1: Foul Ball, location: 9LSF
0-2: Foul Ball, location: 9LSF
0-2: Strikes out swinging
Batting: SHB Juan Bruno 0-0: Ball
1-0: Foul Ball, location: 25F
1-1: Swinging Strike
1-2: Strikes out swinging
Batting: RHB Juan Moreno 0-0: Swinging Strike
0-1: Foul Ball, location: 5FF
0-2: Ball
1-2: Foul Ball, location: 2F
1-2: Foul Ball, location: 7LDF
1-2: Strikes out swinging
Top of the 5th over - 3 runs, 4 hits, 0 errors, 1 left on base; DSL Cleveland 5 - DSL Philadelphia 0
BOTTOM OF THE 5TH
DSL Philadelphia Phillies batting - Pitching for DSL Cleveland Guardians : LHP Raúl Hernández
Batting: RHB Sergio Calderón 0-0: Called Strike
0-1: Ball
1-1: Foul Ball, location: 25FF
1-2: Foul Ball, location: 7LDF
1-2: Strikes out swinging
Batting: RHB Kevin Tidwell 0-0: DOUBLE (Line Drive, 5D, EV 108.1 MPH)
Batting: LHB Jeff King 0-0: Ball
1-0: Ball
2-0: Called Strike
2-1: Ball
3-1: Foul Ball, location: 2F
3-2: Strikes out swinging
Batting: RHB Duane Dotson 0-0: Foul Ball, location: 5F
0-1: Ball
1-1: Ball
2-1: Ball
3-1: Foul Ball, location: 2F
3-2: Strikes out looking
Bottom of the 5th over - 0 runs, 1 hit, 0 errors, 1 left on base; DSL Cleveland 5 - DSL Philadelphia 0
TOP OF THE 6TH
DSL Cleveland Guardians batting - Pitching for DSL Philadelphia Phillies : RHP Robinson Cabrera
Batting: RHB Dani Cruz 0-0: Ball
1-0: Ball
2-0: Ball
3-0: Called Strike
3-1: Foul Ball, location: 2F
3-2: Foul Ball, location: 2RF
3-2: Strikes out looking
Batting: RHB Tim Jones 0-0: Ball
1-0: Ball
2-0: Called Strike
2-1: Fly out, F8 (Flyball, 8LM, EV 91.3 MPH)
Batting: RHB Sergio González 0-0: Foul Ball, location: 5DF
0-1: Foul Ball, location: 2F
0-2: Foul Ball, location: 2F
0-2: Ball
1-2: Fly out, F4 (Popup, 34, EV 70.0 MPH)
Top of the 6th over - 0 runs, 0 hits, 0 errors, 0 left on base; DSL Cleveland 5 - DSL Philadelphia 0
BOTTOM OF THE 6TH
DSL Philadelphia Phillies batting - Pitching for DSL Cleveland Guardians : LHP Raúl Hernández
Batting: LHB Tony Sánchez 0-0: Called Strike
0-1: Swinging Strike
0-2: Ball
1-2: Strikes out swinging
Pitching: RHP Manny Colón
Batting: RHB Alfredo Román 0-0: Ball
1-0: Ball
2-0: Swinging Strike
2-1: Foul Ball, location: 25FF
2-2: Foul Ball, location: 5F
2-2: Ball
3-2: Foul Ball, location: 23FF
3-2: Base on Balls
Batting: RHB Ken Taváres 0-0: Called Strike
0-1: Ball
1-1: DOUBLE (Line Drive, 78D, EV 108.1 MPH)
Alfredo Román to third
Batting: RHB Juan Alba 0-0: Called Strike
0-1: Fly out, F7 (Flyball, 7D, EV 76.3 MPH)
Runner from 3rd tags up, SCORES, no throw by LF
Ken Taváres to third
Batting: LHB Goffredo Bollati 0-0: Swinging Strike
0-1: Called Strike
0-2: Ball
1-2: Foul Ball, location: 2F
1-2: Strikes out swinging
Bottom of the 6th over - 1 run, 1 hit, 0 errors, 1 left on base; DSL Cleveland 5 - DSL Philadelphia 1
TOP OF THE 7TH
DSL Cleveland Guardians batting - Pitching for DSL Philadelphia Phillies : RHP Robinson Cabrera
Batting: RHB Esteban Romo 0-0: Called Strike
0-1: Ball
1-1: Called Strike
1-2: Strikes out looking
Batting: RHB Norbert Rondinelli 0-0: Called Strike
0-1: Ball
1-1: Swinging Strike
1-2: Foul Ball, location: 23F
1-2: Strikes out swinging
Batting: RHB Manny García 0-0: Ball
1-0: Foul Ball, location: 5F
1-1: Ground out U3 (Groundball, 3L, EV 87.5 MPH)
Top of the 7th over - 0 runs, 0 hits, 0 errors, 0 left on base; DSL Cleveland 5 - DSL Philadelphia 1
BOTTOM OF THE 7TH
DSL Philadelphia Phillies batting - Pitching for DSL Cleveland Guardians : RHP Manny Colón
Batting: RHB Sergio Calderón 0-0: Called Strike
0-1: Swinging Strike
0-2: Foul Ball, location: 25F
0-2: Foul Ball, location: 2F
0-2: Ball
1-2: Foul Ball, location: 2F
1-2: Foul Ball, location: 2LF
1-2: Foul Ball, location: 2F
1-2: Strikes out swinging
Batting: RHB Kevin Tidwell 0-0: Ball
1-0: Ball
2-0: Fly out, F9 (Flyball, 9S, EV 93.1 MPH)
Batting: LHB Jeff King 0-0: Ball
1-0: Called Strike
1-1: Called Strike
1-2: Ball
2-2: Ball
3-2: Strikes out swinging
Bottom of the 7th over - 0 runs, 0 hits, 0 errors, 0 left on base; DSL Cleveland 5 - DSL Philadelphia 1
TOP OF THE 8TH
DSL Cleveland Guardians batting - Pitching for DSL Philadelphia Phillies : RHP Robinson Cabrera
Batting: RHB Luis Castillo 0-0: DOUBLE (Line Drive, 9LM, EV 105.6 MPH)
Batting: SHB Juan Bruno 0-0: Ball
1-0: Ball
2-0: Called Strike
2-1: Swinging Strike
2-2: Strikes out swinging
Batting: RHB Juan Moreno 0-0: Foul Ball, location: 2F
0-1: Foul Ball, location: 2RF
0-2: Strikes out swinging
Pitching: RHP Juan Velásquez
Batting: RHB Dani Cruz 0-0: Swinging Strike
0-1: Called Strike
0-2: Strikes out looking
Top of the 8th over - 0 runs, 1 hit, 0 errors, 1 left on base; DSL Cleveland 5 - DSL Philadelphia 1
BOTTOM OF THE 8TH
DSL Philadelphia Phillies batting - Pitching for DSL Cleveland Guardians : RHP Manny Colón
DELAY Rain delay of 15 minutes in the 8th inning.
Batting: RHB Duane Dotson 0-0: Ball
1-0: Swinging Strike
1-1: Called Strike
1-2: Foul Ball, location: 3SF
1-2: Strikes out looking
Batting: LHB Tony Sánchez 0-0: Called Strike
0-1: Ball
1-1: Ground out 4-3 (Groundball, 4, EV 88.8 MPH)
Pinch Hitting: RHB Jon Jones 0-0: Foul Ball, location: 2F
0-1: SOLO HOME RUN (Flyball, 7D, EV 96.3 MPH), Distance : 355 ft
Pinch Hitting: LHB Aurelio De Jesús 0-0: Ball
1-0: Ball
2-0: Ball
3-0: Base on Balls
Batting: RHB Juan Alba 0-0: Called Strike
0-1: Ground out 6-3 (Groundball, 56, EV 110.6 MPH)
Bottom of the 8th over - 1 run, 1 hit, 0 errors, 1 left on base; DSL Cleveland 5 - DSL Philadelphia 2
TOP OF THE 9TH
DSL Cleveland Guardians batting - Pitching for DSL Philadelphia Phillies : RHP Juan Velásquez
Pitching: RHP Adrián Hinojosa
Now in LF: Aurelio De Jesús
Now in RF: Sam Bush
Batting: RHB Tim Jones 0-0: Called Strike
0-1: Called Strike
0-2: Ball
1-2: Ball
2-2: Foul Ball, location: 2F
2-2: Foul Ball, location: 2F
2-2: Strikes out swinging
Pinch Hitting: LHB Ron Cotton 0-0: Ground out 1-3 (Groundball, 15S, EV 66.9 MPH)
Batting: RHB Esteban Romo 0-0: Called Strike
0-1: Hit by Pitch
Batting: RHB Norbert Rondinelli 0-0: Ball
1-0: DOUBLE (Line Drive, 7LM, EV 89.4 MPH)
Esteban Romo to third
Batting: RHB Manny García 0-0: Ball
1-0: Ball
2-0: Ball
3-0: Called Strike
3-1: Foul Ball, location: 2F
3-2: Strikes out swinging
Top of the 9th over - 0 runs, 1 hit, 0 errors, 2 left on base; DSL Cleveland 5 - DSL Philadelphia 2
BOTTOM OF THE 9TH
DSL Philadelphia Phillies batting - Pitching for DSL Cleveland Guardians : RHP Manny Colón
Pitching: RHP Bernardo Barrasa
Now in LF: Ron Cotton
Batting: RHB Clarence Jones 0-0: Foul Ball, location: 2F
0-1: Swinging Strike
0-2: Ball
1-2: Strikes out swinging, 2-3 out at first.
Batting: RHB Sergio Calderón 0-0: Called Strike
0-1: Ground out 3-1 (Groundball, 34S, EV 66.3 MPH)
Batting: RHB Kevin Tidwell 0-0: Ball
1-0: Foul Ball, location: 5FF
1-1: Swinging Strike
1-2: Strikes out swinging
Bottom of the 9th over - 0 runs, 0 hits, 0 errors, 0 left on base; DSL Cleveland 5 - DSL Philadelphia 2
Wednesday, April 3rd , 2024 - OOTP Baseball 24.10 Build 82